 Dungeon Sprint DCSS version 0.27.1-2-g3b301248ec (webtiles) character file.

Game seed: 9227691562698885593

10549 boopmooplesden the Peltast (level 11, 0/123 HPs)
             Began as a Minotaur Fighter on Sept 25, 2021.
             Was a High Priest of Okawaru.
             Killed by divine providence
             ... invoked by a sphinx
              (14 damage)
             ... in the Dungeon (Sprint II: "The Violet Keep of Menkaure").
             The game lasted 00:13:08 (1710 turns).

boopmooplesden the Peltast (Minotaur Fighter)       Turns: 1710, Time: 00:13:08

Health: 0/123      AC: 17    Str: 19    XL:     11   Next: 37%
Magic:  10/10      EV:  9    Int:  5    God:    Okawaru [*****.]
Gold:   1297       SH:  0    Dex:  7    Spells: 10/10 levels left

rFire    + . .     SeeInvis +   a - +0 war axe (venom)
rCold    . . .     Faith    .   c - +0 kite shield
rNeg     . . .     Spirit   .   d - +1 chain mail {rF+}
rPois    .         Reflect  +   (helmet unavailable)
rElec    .         Harm     .   l - +0 cloak
rCorr    .         Rampage  .   (no gloves)
Will     .....     NoTele   +   i - +0 pair of boots
Stlth    ..........             k - amulet "Veell" {Reflect +Inv Regen+ Str-4 SH+5 SInv}
HPRegen  1.30/turn              (no ring)
MPRegen  0.12/turn              (no ring)

@: confused
A: horns 3, retaliatory headbutt, clumsy 2, low mp 1, robust 1
a: Renounce Religion, Evoke Invisibility, Heroism, Finesse


You were in the Dungeon.
You worshipped Okawaru.
Okawaru was extremely pleased with you.
You visited 1 branch You collected 2130 gold pieces.
You spent 833 gold pieces at shops.

Inventory:

Hand Weapons
 a - a +0 war axe of venom (weapon)
Armour
 b - a +0 scale mail
 c - a +0 kite shield (worn)
 d - a +1 chain mail of fire resistance (worn)
 i - a +0 pair of boots (worn)
 l - a +0 cloak (worn)
 m - a +1 hat
Jewellery
 f - a ring of positive energy
 g - a ring of fire
 k - the amulet "Veell" (around neck) {Reflect +Inv Regen+ Str-4 SH+5 SInv}
   (You bought it in a shop in the Dungeon)

   [amulet of reflection]

   It reflects blocked missile attacks.
   Str:       It affects your strength (-4).
   SInv:      It lets you see invisible.
   +Inv:      It lets you turn invisible.
   Regen:     It increases your rate of health regeneration.
   SH:        It affects your SH (+5).
 t - a ring of protection from fire
 u - a ring of flight
 y - a ring of see invisible
Scrolls
 j - a scroll of blinking
 n - a scroll of identify
 p - 2 scrolls of fog
 r - a scroll of silence
 s - a scroll of immolation
 z - 3 scrolls of acquirement {unknown}
Potions
 e - 3 potions of curing
 h - 23 potions of magic
 o - 4 potions of flight
 q - 2 potions of haste
 v - 2 potions of might
 x - a potion of resistance


   Skills:
 + Level 15.0 Fighting
 + Level 16.0 Axes
 + Level 14.6 Armour
 + Level 5.6 Dodging
 + Level 2.0 Stealth
 + Level 18.4 Shields
 + Level 2.5 Invocations


You had 10 spell levels left.
You didn't know any spells.
Your spell library contained the following spells:

 Spells                   Type           Power      Damage    Failure   Level
 Freeze                   Ice            0%         1d3       97%         1
 Shock                    Conj/Air       0%         1d3       97%         1
 Corpse Rot               Necr/Air       N/A        N/A       99%         2
 Poisonous Vapours        Pois/Air       0%         N/A       99%         2
 Stone Arrow              Conj/Erth      0%         3d7       100%        3
 Swiftness                Air            0%         N/A       100%        3
 Tukima's Dance           Hex            0%         N/A       100%        3
 Airstrike                Air            0%         N/A       100%        4
 Cause Fear               Hex            0%         N/A       100%        4
 Hailstorm                Conj/Ice       0%         3d3       100%        4
 Ice Form                 Ice/Tmut       0%         N/A       100%        4
 Passage of Golubria      Tloc           N/A        N/A       100%        4
 Petrify                  Tmut/Erth      0%         N/A       100%        4
 Summon Ice Beast         Ice/Summ       0%         N/A       100%        4
 Bolt of Magma            Conj/Fire/Erth 0%         4d4       100%        5
 Borgnjor's Vile Clutch   Necr/Erth      0%         N/A       100%        5
 Fireball                 Conj/Fire      0%         3d3       100%        5
 Freezing Cloud           Conj/Ice/Air   0%         6-21      100%        5
 Iskenderun's Battlesphe  Conj           0%         2d6       100%        5
 Metabolic Englaciation   Hex/Ice        0%         N/A       100%        5
 Yara's Violent Unravell  Hex/Tmut       0%         3d3       100%        5
 Conjure Ball Lightning   Conj/Air       0%         3x3d6     100%        6
 Simulacrum               Ice/Necr       0%         N/A       100%        6
 Dragon Form              Tmut           0%         N/A       100%        7
 Orb of Destruction       Conj           0%         N/A       100%        7
 Dragon's Call            Summ           0%         N/A       100%        9


Dungeon Overview and Level Annotations

Branches:
Dungeon (1/1)

Altars:
Cheibriados
Dithmenos
Elyvilon
Fedhas
Gozag
Hepliaklqana
Kikubaaqudgha
Makhleb
Nemelex Xobeh
Okawaru
Qazlal
Ru
Sif Muna
Trog
Uskayaw
Vehumet
Wu Jian
Xom
Yredelemnul
Zin
The Shining One
Beogh
Jiyva
Lugonu

Shops:
D :[==::[!(*=?!*[[:

Annotations:
D exclusion: oklob plant


Innate Abilities, Weirdness & Mutations

You have a pair of large horns on your head.
You reflexively headbutt those who attack you in melee.
You are very clumsy. (Dex -4)
Your magical capacity is low. (-10% MP)
You are robust. (+10% HP)


Message History

The sphinx completely misses you.
The sphinx hits you but does no damage. x2; The sphinx barely misses you.
You see here 27 gold pieces.
The sphinx hits you. The sphinx completely misses you.
The sphinx hits you but does no damage.
The sphinx casts a spell.
You barely resist.
You see here 27 gold pieces.
You feel less confused. The sphinx hits you but does no damage.
You block the sphinx's attack. The sphinx completely misses you.
The sphinx mumbles some strange words.
You are confused.
You see here 27 gold pieces.
Unknown command.
The sphinx mumbles some strange words.
Something smites you!
* * * LOW HITPOINT WARNING * * *
The sphinx hits you.
* * * LOW HITPOINT WARNING * * *
The sphinx hits you.
* * * LOW HITPOINT WARNING * * *
The sphinx hits you.
* * * LOW HITPOINT WARNING * * *
You see here 27 gold pieces.
Unknown command.
You bump into the unnaturally hard rock wall.
The sphinx barely misses you. The sphinx hits you but does no damage.
The sphinx hits you.
* * * LOW HITPOINT WARNING * * *
You hit the sphinx but do no damage.
The sphinx looks as sick as possible!
You headbutt the sphinx.
The sphinx is almost dead.
The sphinx hits you.
* * * LOW HITPOINT WARNING * * *
The sphinx closely misses you. The sphinx hits you but does no damage.
You bump into the unnaturally hard rock wall.
The sphinx casts a spell.
Something smites you!
You die...

▓..(.|[..▓▓,,,*^*,*≈,,≈*,*
▓▓▓▓▓▓▓'▓▓▓▓+▓*^***≈,,≈***
≈≈≈≈≈≈≈..wX≈≈▓,,,,,,,,**
#####'###.≈≈≈▓,,,,,,,**
._._#§§≈##≈≈≈▓,,,,,,**
_._.#§≈§§####▓▓▓▓▓≈**
._._#§≈§≈§##..#$$▓≈*
_._.#§§≈§§≈#.§#$§▓≈*
._..#§§§§≈≈[.§§H@▓≈*
_...#§≈≈§§§#..#§§▓≈*
....#§≈≈§≈§▓..#$$▓≈*
....#§§§≈▓▓▓▓▓▓▓▓▓≈*
#####≈≈§≈▓z..≈≈≈≈≈≈*
≈≈≈≈≈≈≈≈≈▓z..≈≈≈≈≈≈*
#####≈▓▓▓▓▓▓▓**≈≈≈≈*
.}..#▓▓≈≈≈○≈≈≈**≈≈≈*
}...#▓°°≈≈Y≈≈≈≈**≈≈*


You could see a sphinx (extremely poisoned).

Vanquished Creatures
  A sphinx (D)
  Gastronok (D)
  A dire elephant (D)
  3 sixfirhies (D)
  2 deep trolls (D)
  3 orc sorcerers (D)
  A merfolk siren (D)
  A yaktaur (D)
  3 polar bears (D)
  A hornet (D)
  2 wyverns (D)
  4 neqoxecs (D)
  Menkaure (D)
  A vampire mosquito (D)
  3 water moccasins (D)
  4 lava snakes (D)
  A jelly (D)
  3 worms (D)
  A tentacle (D)
37 creatures vanquished.

Vanquished Creatures (others)
  A water moccasin (D)
  20 tentacles (D)
21 creatures vanquished.

Grand Total: 58 creatures vanquished

Notes
Turn   | Place    | Note
-------+----------+-------------------------------------------
     0 | D        | boopmooplesden the Minotaur Fighter began the quest for the
                  | Orb.
     0 | D        | Reached XP level 1. HP: 19/19 MP: 0/0
     1 | D        | Noticed a merfolk siren
     5 | D        | Killed a merfolk siren
     6 | D        | Reached skill level 5 in Axes
     6 | D        | Reached skill level 9 in Shields
     6 | D        | Reached XP level 2. HP: 24/37 MP: 1/1
     6 | D        | Reached XP level 3. HP: 28/42 MP: 2/2
     6 | D        | Reached XP level 4. HP: 33/50 MP: 3/3
     6 | D        | Reached XP level 5. HP: 37/57 MP: 4/4
     6 | D        | Reached XP level 6. HP: 41/63 MP: 5/5
    31 | D        | Killed a water moccasin
   172 | D        | Noticed a neqoxec
   172 | D        | Noticed a neqoxec
   172 | D        | Noticed a neqoxec
   172 | D        | Noticed a neqoxec
   172 | D        | Gained mutation: You have a pair of large horns on your
                  | head. [a neqoxec]
   174 | D        | Lost intelligence.
   179 | D        | Killed a neqoxec
   179 | D        | Gained mutation: You are robust. (+10% HP) [a neqoxec]
   180 | D        | Reached skill level 10 in Fighting
   180 | D        | Reached skill level 10 in Armour
   180 | D        | Reached skill level 10 in Shields
   181 | D        | Gained mutation: You are clumsy. (Dex -2) [a neqoxec]
   189 | D        | Killed a neqoxec
   190 | D        | Reached XP level 7. HP: 32/80 MP: 6/6
   190 | D        | Killed a neqoxec
   192 | D        | Gained mutation: You are very clumsy. (Dex -4) [a neqoxec]
   196 | D        | Killed a neqoxec
   197 | D        | Reached skill level 11 in Shields
   420 | D        | Noticed a wyvern
   420 | D        | Noticed a wyvern
   426 | D        | Killed a wyvern
   430 | D        | Killed a wyvern
   431 | D        | Reached XP level 8. HP: 82/91 MP: 7/7
   472 | D        | Found Dajit's Antique Armour Shop.
   473 | D        | Found Joifahomm's Magic Scroll Boutique.
   473 | D        | Found Tetur's Jewellery Shop.
   473 | D        | Found Loesun's Book Boutique.
   473 | D        | Found Guilamn's Distillery.
   473 | D        | Found Billaur's Jewellery Shop.
   473 | D        | Found Kilo's Antique Armour Shop.
   473 | D        | Found Reavif's General Store.
   473 | D        | Found Rat Cidu's Distillery.
   473 | D        | Found Xoron's Book Boutique.
   474 | D        | Found Jaah's General Store.
   474 | D        | Found Umyulybbu's Antique Weapon Shop.
   474 | D        | Found Zutipn's Jewellery Shop.
   474 | D        | Found Otixt's Antique Armour Boutique.
   474 | D        | Noticed Menkaure
   487 | D        | Killed Menkaure
   488 | D        | Reached skill level 1 in Dodging
   489 | D        | Noticed an oklob plant
   490 | D        | Found Byivemmau's Book Shoppe.
   490 | D        | Noticed a polar bear
   491 | D        | Bought a shiny chain mail for 202 gold pieces
   491 | D        | Bought a pair of boots for 121 gold pieces
   506 | D        | Noticed a polar bear
   515 | D        | Bought the amulet "Veell" {Reflect +Inv Regen+ Str-4 SH+5
                  | SInv} for 398 gold pieces
   522 | D        | Bought a cloak for 112 gold pieces
   771 | D        | Noticed an obsidian statue
   780 | D        | Found a glowing golden altar of the Shining One.
   780 | D        | Found an ornate altar of the Wu Jian Council.
   780 | D        | Found a stormy altar of Qazlal.
   781 | D        | Found a shimmering altar of Xom.
   781 | D        | Found a sacrificial altar of Ru.
   782 | D        | Found a basalt altar of Yredelemnul.
   782 | D        | Found a shimmering blue altar of Sif Muna.
   782 | D        | Found a viscous altar of Jiyva.
   783 | D        | Found a glowing silver altar of Zin.
   783 | D        | Found a bloodstained altar of Trog.
   783 | D        | Found an ancient bone altar of Kikubaaqudgha.
   784 | D        | Found a hide-covered altar of Uskayaw.
   784 | D        | Found a corrupted altar of Lugonu.
   784 | D        | Found a shadowy altar of Dithmenos.
   785 | D        | Found a radiant altar of Vehumet.
   785 | D        | Found a burning altar of Makhleb.
   785 | D        | Found a white marble altar of Elyvilon.
   786 | D        | Found a sparkling altar of Nemelex Xobeh.
   786 | D        | Found a blossoming altar of Fedhas.
   788 | D        | Found an iron altar of Okawaru.
   788 | D        | Found an opulent altar of Gozag.
   788 | D        | Found a hazy altar of Hepliaklqana.
   788 | D        | Found a snail-covered altar of Cheibriados.
   788 | D        | Noticed a hornet
   788 | D        | Noticed a polar bear
   788 | D        | Noticed a polar bear
   789 | D        | Noticed a yaktaur
   790 | D        | Noticed a polar bear
   798 | D        | Became a worshipper of Warmaster Okawaru
   815 | D        | Killed a hornet
   816 | D        | Reached skill level 12 in Shields
   827 | D        | Killed a polar bear
   835 | D        | Killed a polar bear
   835 | D        | Reached * piety under Okawaru
   836 | D        | Reached skill level 10 in Axes
   840 | D        | Killed a yaktaur
   841 | D        | Reached XP level 9. HP: 44/101 MP: 8/8
   844 | D        | Killed a polar bear
   845 | D        | Reached skill level 13 in Shields
   897 | D        | Noticed a kraken
   929 | D        | Reached ** piety under Okawaru
  1285 | D        | Noticed a sixfirhy
  1301 | D        | Noticed a sixfirhy
  1304 | D        | Noticed a sixfirhy
  1311 | D        | Found Anasir's Book Shoppe.
  1312 | D        | Found Enicukit's Antique Armour Boutique.
  1347 | D        | Killed a sixfirhy
  1348 | D        | Reached skill level 14 in Shields
  1356 | D        | Killed a sixfirhy
  1357 | D        | Reached skill level 1 in Stealth
  1357 | D        | Reached XP level 10. HP: 107/111 MP: 7/9
  1382 | D        | Killed a sixfirhy
  1382 | D        | Reached *** piety under Okawaru
  1383 | D        | Reached skill level 15 in Shields
  1383 | D        | Reached skill level 1 in Invocations
  1443 | D        | Noticed Gastronok
  1453 | D        | Killed Gastronok
  1454 | D        | Reached skill level 16 in Shields
  1455 | D        | Noticed a dire elephant
  1455 | D        | Noticed an orc sorcerer
  1455 | D        | Noticed an orc sorcerer
  1455 | D        | Noticed an orc sorcerer
  1456 | D        | Noticed a rust devil
  1460 | D        | Noticed a rust devil
  1466 | D        | Killed a dire elephant
  1466 | D        | Reached **** piety under Okawaru
  1467 | D        | Reached skill level 5 in Dodging
  1476 | D        | Noticed a smoke demon
  1478 | D        | HP: 3/103 [orc sorcerer/bolt of negative energy (27)]
  1480 | D        | Killed an orc sorcerer
  1481 | D        | Reached skill level 17 in Shields
  1483 | D        | Killed an orc sorcerer
  1483 | D        | Gained mutation: Your magical capacity is low. (-10% MP) [a
                  | neqoxec]
  1487 | D        | Killed an orc sorcerer
  1488 | D        | Reached XP level 11. HP: 43/122 MP: 8/10
  1517 | D        | Got Sif Muna's Tome of Congealing Stones
  1538 | D        | Got the Papyrus of Dusty Curses
  1541 | D        | Identified the +5 ring mail "Uklutt" {rElec rC- rCorr
                  | Stlth+}
  1593 | D        | Identified the ring of Attitude {Ice rPois Will+ Str-2
                  | Dex+3}
  1642 | D        | Noticed a deep troll
  1642 | D        | Noticed a deep troll
  1648 | D        | Killed a deep troll
  1649 | D        | Reached skill level 15 in Axes
  1651 | D        | Killed a deep troll
  1672 | D        | Noticed a sphinx
  1672 | D        | Paralysed by a sphinx for 4 turns
  1677 | D        | Noticed a sphinx
  1684 | D        | Killed a sphinx
  1684 | D        | Reached ***** piety under Okawaru
  1685 | D        | Reached skill level 15 in Fighting
  1685 | D        | Reached skill level 18 in Shields
  1710 | D        | Killed from afar by a sphinx

Illustrated notes

Levels and vault maps discovered:
D:        the_violet_keep_of_menkaure [sprint2_stairs_cluster_1,
          sprint2_shoproom, sprint2_temple, sprint2_basic_supplies,
          sprint2_obstacle_3, sprint2_obstacle_5, sprint2_obstacle_7,
          sprint2_obstacle_1, sprint2_obstacle_2, sprint2_timed_cluster_1,
          sprint2_smallroom_cluster_1, sprint2_smallroom_final_cluster_1,
          sprint2_transparent_cluster_1, sprint2_second_timed_cluster_1,
          sprint2_sniper_area_1, sprint2_heavy_combat_area_1,
          sprint2_mutation_trap_area_1, sprint2_forest_area_1,
          sprint2_light_combat_area_1, sprint2_behind_water_1,
          sprint2_near_end_vault_1]

Skill      XL: |  1  2  3  4  5  6  7  8  9 10 11 |
---------------+----------------------------------+-----
Fighting       | 9 10 11 12 13 14 15 | 15.0
Axes           | 5 7 10 12 14 16 | 16.0
Armour         | 9 11 12 13 14 | 14.6
Shields        | 9 10 11 12 14 17 18 | 18.4
Dodging        | 2 3 5 |  5.6
Stealth        | 1 2 |  2.0
Invocations    | 2 |  2.5

Action                   |  1- 3 |  4- 6 |  7- 9 | 10-12 || total
-------------------------+-------+-------+-------+-------++-------
Melee: War axe           |     2 |    14 |   157 |    88 ||   261
       Headbutt          |     1 |     2 |    25 |    22 ||    50
Invok: Heroism           |       |       |     2 |     3 ||     5
  Use: Potion            |     1 |     1 |     3 |     4 ||     9
       Scroll            |       |       |     9 |     1 ||    10
Armor: Scale mail        |       |     2 |     6 |       ||     8
       Chain mail        |       |       |    44 |    30 ||    74
Dodge: Dodged            |     2 |     5 |    27 |    30 ||    64
Block: Kite shield       |       |     1 |   140 |    70 ||   211
       Reflection        |       |       |     1 |       ||     1
